TOP OF THE 1ST |
Florida State University Seminoles batting - Pitching for University of Southern California Trojans : RHP Jim Unknown
|
Pitching: RHP Jim Unknown
|
|
Batting: RHB Jim Unknown
|
0-0: Ball 1-0: Ball 2-0: Called Strike 2-1: Ball 3-1: Foul Ball, location: 2F 3-2: SINGLE (Groundball, 4MD, EV 95.0 MPH)
|
Batting: RHB Jim Unknown
|
0-0: Ball 1-0: Foul Ball, location: 2F 1-1: Foul Ball, location: 2F 1-2: SINGLE (Groundball, 56, EV 95.0 MPH) Jim Unknown to second
|
Batting: RHB Jim Unknown
|
0-0: Foul Ball, location: 2F 0-1: Ball 1-1: Called Strike 1-2: Ball 2-2: Fly out, F3 (Flyball, 34D, EV 88.8 MPH)
|
Batting: RHB Jim Unknown
|
0-0: Ball 1-0: Fly out, F3 (Popup, 34, EV 62.5 MPH)
|
Batting: RHB Jim Unknown
|
0-0: Ball 1-0: Ball 2-0: Ball 3-0: Base on Balls Jim Unknown to third Jim Unknown to second
|
Batting: SHB Jim Unknown
|
0-0: Called Strike 0-1: Ball 1-1: Swinging Strike 1-2: Ball 2-2: Strikes out swinging
|
Top of the 1st over - 0 runs, 2 hits, 0 errors, 3 left on base; Florida State University 0 - University of Southern California 0 |
BOTTOM OF THE 1ST |
University of Southern California Trojans batting - Pitching for Florida State University Seminoles : LHP Jim Unknown
|
Pitching: LHP Jim Unknown
|
|
Batting: RHB Jim Unknown
|
0-0: Ball 1-0: Bunt missed! 1-1: Ball 2-1: Ball 3-1: Base on Balls
|
Batting: LHB Jim Unknown
|
0-0: Ball 1-0: Called Strike 1-1: Ball 2-1: Swinging Strike 2-2: Fielders Choice at 2nd, 3-6 (Groundball, 3, EV 78.8 MPH)
|
Batting: RHB Jim Unknown
|
0-0: Called Strike Jim Unknown steals 2nd base 0-1: Ground out 4-3 (Groundball, 4, EV 106.2 MPH) Jim Unknown to third
|
Batting: LHB Jim Unknown
|
0-0: Ball 1-0: Called Strike 1-1: Foul Ball, location: 2F 1-2: Ball 2-2: Foul Ball, location: 2F 2-2: Ground out 4-3 (Groundball, 4MD, EV 88.1 MPH)
|
Bottom of the 1st over - 0 runs, 0 hits, 0 errors, 1 left on base; Florida State University 0 - University of Southern California 0 |
TOP OF THE 2ND |
Florida State University Seminoles batting - Pitching for University of Southern California Trojans : RHP Jim Unknown
|
Batting: RHB Jim Unknown
|
0-0: Ball 1-0: Ball 2-0: Ball 3-0: Base on Balls
|
Batting: RHB Jim Unknown
|
0-0: Ball 1-0: Fielders Choice at 2nd, 5-4 (Groundball, 56, EV 78.1 MPH)
|
Batting: RHB Jim Unknown
|
0-0: Called Strike 0-1: Foul Ball, location: 2F 0-2: Ball 1-2: Strikes out swinging
|
Batting: RHB Jim Unknown
|
0-0: Swinging Strike 0-1: Ground out 1-3 (Groundball, 34S, EV 66.9 MPH)
|
Top of the 2nd over - 0 runs, 0 hits, 0 errors, 1 left on base; Florida State University 0 - University of Southern California 0 |
BOTTOM OF THE 2ND |
University of Southern California Trojans batting - Pitching for Florida State University Seminoles : LHP Jim Unknown
|
Batting: RHB Jim Unknown
|
0-0: Ground out 6-3 (Groundball, 6, EV 103.8 MPH)
|
Batting: RHB Jim Unknown
|
0-0: Ball 1-0: Called Strike 1-1: Called Strike 1-2: Ball 2-2: Ball 3-2: Base on Balls
|
Batting: RHB Jim Unknown
|
0-0: Ball 1-0: Called Strike 1-1: Called Strike 1-2: Fly out, F9 (Flyball, 9D, EV 97.5 MPH)
|
Batting: SHB Jim Unknown
|
0-0: Called Strike 0-1: Ball 1-1: Ball 2-1: Fielders Choice at 2nd, 6-4 (Groundball, 6, EV 105.6 MPH)
|
Bottom of the 2nd over - 0 runs, 0 hits, 0 errors, 1 left on base; Florida State University 0 - University of Southern California 0 |
TOP OF THE 3RD |
Florida State University Seminoles batting - Pitching for University of Southern California Trojans : RHP Jim Unknown
|
Batting: RHB Jim Unknown
|
0-0: Called Strike 0-1: Called Strike 0-2: Fly out, F4 (Line Drive, 4, EV 56.9 MPH)
|
Batting: RHB Jim Unknown
|
0-0: Foul Ball, location: 2F 0-1: Swinging Strike 0-2: Foul Ball, location: 2F 0-2: Ball 1-2: SINGLE (Line Drive, 34, EV 95.0 MPH)
|
Batting: RHB Jim Unknown
|
0-0: Called Strike 0-1: Foul Ball, location: 2F 0-2: Strikes out swinging
|
Batting: RHB Jim Unknown
|
0-0: Foul Ball, location: 2F 0-1: Swinging Strike 0-2: Strikes out swinging
|
Top of the 3rd over - 0 runs, 1 hit, 0 errors, 1 left on base; Florida State University 0 - University of Southern California 0 |
BOTTOM OF THE 3RD |
University of Southern California Trojans batting - Pitching for Florida State University Seminoles : LHP Jim Unknown
|
Batting: RHB Jim Unknown
|
0-0: Foul Ball, location: 2F 0-1: Ball 1-1: Foul Ball, location: 2F 1-2: Ball 2-2: Strikes out swinging
|
Batting: RHB Jim Unknown
|
0-0: Ball 1-0: Called Strike 1-1: Ball 2-1: Foul Ball, location: 2F 2-2: Ball 3-2: Ground out U3 (Groundball, 3, EV 84.4 MPH)
|
Batting: LHB Jim Unknown
|
0-0: Ball 1-0: Ball 2-0: Ball 3-0: Called Strike 3-1: Base on Balls
|
Batting: RHB Jim Unknown
|
0-0: Called Strike 0-1: Ball 1-1: Ball 2-1: Fielders Choice at 2nd, 6-4 (Groundball, 6, EV 105.0 MPH)
|
Bottom of the 3rd over - 0 runs, 0 hits, 0 errors, 1 left on base; Florida State University 0 - University of Southern California 0 |
TOP OF THE 4TH |
Florida State University Seminoles batting - Pitching for University of Southern California Trojans : RHP Jim Unknown
|
Batting: SHB Jim Unknown
|
0-0: Ball 1-0: Foul Ball, location: 2F 1-1: Called Strike 1-2: Foul Ball, location: 2F 1-2: Ball 2-2: Ball 3-2: SINGLE (Groundball, 34D, EV 98.1 MPH)
|
Batting: RHB Jim Unknown
|
0-0: Called Strike 0-1: Swinging Strike 0-2: Ball 1-2: Ball 2-2: Ball 3-2: Foul Ball, location: 2F 3-2: Base on Balls Jim Unknown to second
|
Batting: RHB Jim Unknown
|
0-0: Swinging Strike 0-1: Ball 1-1: Fielders Choice at 2nd, 6-4 (Groundball, 6, EV 104.4 MPH) Jim Unknown to third
|
Batting: RHB Jim Unknown
|
0-0: Grounds into double play, 5-4-3 (Groundball, 56S, EV 84.4 MPH)
|
Top of the 4th over - 0 runs, 1 hit, 0 errors, 1 left on base; Florida State University 0 - University of Southern California 0 |
BOTTOM OF THE 4TH |
University of Southern California Trojans batting - Pitching for Florida State University Seminoles : LHP Jim Unknown
|
Batting: LHB Jim Unknown
|
0-0: Called Strike 0-1: Ball 1-1: Ground out 4-3 (Groundball, 4, EV 86.9 MPH)
|
Batting: RHB Jim Unknown
|
0-0: Ball 1-0: Ball 2-0: Ball 3-0: Called Strike 3-1: Base on Balls
|
Batting: RHB Jim Unknown
|
0-0: Ball 1-0: DOUBLE (Line Drive, 8LD, EV 106.2 MPH) Jim Unknown to third
|
Batting: RHB Jim Unknown
|
0-0: Called Strike 0-1: Ball 1-1: Fly out, F8 (Flyball, 78S, EV 81.9 MPH)
|
Batting: SHB Jim Unknown
|
0-0: Ground out U3 (Groundball, 34, EV 86.9 MPH)
|
Bottom of the 4th over - 0 runs, 1 hit, 0 errors, 2 left on base; Florida State University 0 - University of Southern California 0 |
TOP OF THE 5TH |
Florida State University Seminoles batting - Pitching for University of Southern California Trojans : RHP Jim Unknown
|
Pitching: RHP Jim Unknown
|
|
Batting: RHB Jim Unknown
|
0-0: Ground out 4-3 (Groundball, 4, EV 106.2 MPH)
|
Batting: RHB Jim Unknown
|
0-0: Called Strike 0-1: Foul Ball, location: 2F 0-2: Ball 1-2: Foul Ball, location: 2F 1-2: Fly out, F5 (Line Drive, 5, EV 70.0 MPH)
|
Batting: RHB Jim Unknown
|
0-0: Ball 1-0: Ball 2-0: Ball 3-0: Called Strike 3-1: Base on Balls
|
Batting: RHB Jim Unknown
|
0-0: Swinging Strike 0-1: Fly out, F8 (Flyball, 89D, EV 97.5 MPH)
|
Top of the 5th over - 0 runs, 0 hits, 0 errors, 1 left on base; Florida State University 0 - University of Southern California 0 |
BOTTOM OF THE 5TH |
University of Southern California Trojans batting - Pitching for Florida State University Seminoles : LHP Jim Unknown
|
Pitching: RHP Jim Unknown
|
|
Batting: RHB Jim Unknown
|
0-0: Foul Ball, location: 2F 0-1: Foul Ball, location: 2F 0-2: Ball 1-2: Ball 2-2: Reached on error, E6 (Groundball, 6, EV 87.5 MPH)
|
Batting: RHB Jim Unknown
|
0-0: Ball 1-0: Ball 2-0: SINGLE (Line Drive, 34D, EV 111.2 MPH) Jim Unknown to second
|
Batting: LHB Jim Unknown
|
0-0: Ball 1-0: Foul Ball, location: 2F 1-1: Foul Ball, location: 2F 1-2: Fielders Choice at 2nd, 4-6 (Groundball, 4, EV 92.5 MPH) Jim Unknown to third
|
Batting: RHB Jim Unknown
|
0-0: Called Strike 0-1: Ball 1-1: SINGLE (Groundball, 6D, EV 98.1 MPH) Jim Unknown scores Jim Unknown to second
|
Batting: LHB Jim Unknown
|
0-0: Ball 1-0: Ball 2-0: Ball 3-0: Base on Balls Jim Unknown to third Jim Unknown to second
|
Batting: RHB Jim Unknown
|
0-0: Called Strike 0-1: Foul Ball, location: 2F 0-2: Foul Ball, location: 2F 0-2: Foul Ball, location: 2F 0-2: Foul Ball, location: 2F 0-2: Ball 1-2: SINGLE (Groundball, 56, EV 95.0 MPH) Jim Unknown scores Jim Unknown to third Jim Unknown to second
|
Batting: RHB Jim Unknown
|
0-0: Ball 1-0: Ball 2-0: Fly out, F7 (Flyball, 7S, EV 86.2 MPH)
|
Batting: RHB Jim Unknown
|
0-0: Called Strike 0-1: Fly out, F3 (Line Drive, 3, EV 64.4 MPH)
|
Bottom of the 5th over - 2 runs, 3 hits, 1 error, 3 left on base; Florida State University 0 - University of Southern California 2 |
TOP OF THE 6TH |
Florida State University Seminoles batting - Pitching for University of Southern California Trojans : RHP Jim Unknown
|
Batting: RHB Jim Unknown
|
0-0: Ball 1-0: Foul Ball, location: 2F 1-1: Foul Ball, location: 2F 1-2: Ball 2-2: Foul Ball, location: 2F 2-2: Foul Ball, location: 2F 2-2: Ball 3-2: Reached on error, E5 (Groundball, 56S, EV 86.2 MPH)
|
Batting: SHB Jim Unknown
|
0-0: Foul Ball, location: 2F 0-1: Ball 1-1: Ball 2-1: Ball 3-1: Fielders Choice at 2nd, 6-4 (Groundball, 6, EV 98.8 MPH)
|
Batting: RHB Jim Unknown
|
0-0: Ball 1-0: Called Strike 1-1: Ball 2-1: Fly out, F6 (Popup, 6MD, EV 57.5 MPH)
|
Batting: RHB Jim Unknown
|
0-0: Ball 1-0: Ball 2-0: Called Strike 2-1: Ball 3-1: Called Strike 3-2: Foul Ball, location: 2F 3-2: Base on Balls Jim Unknown to second
|
Batting: RHB Jim Unknown
|
0-0: Ball 1-0: Called Strike 1-1: Foul Ball, location: 2F 1-2: Ground out U3 (Groundball, 34, EV 91.9 MPH)
|
Top of the 6th over - 0 runs, 0 hits, 1 error, 2 left on base; Florida State University 0 - University of Southern California 2 |
BOTTOM OF THE 6TH |
University of Southern California Trojans batting - Pitching for Florida State University Seminoles : RHP Jim Unknown
|
Batting: SHB Jim Unknown
|
0-0: Ball 1-0: Called Strike 1-1: Ball 2-1: Reached on error, E6 (Groundball, 6S, EV 71.2 MPH)
|
Batting: RHB Jim Unknown
|
0-0: Ball 1-0: Ball 2-0: Ball 3-0: Called Strike 3-1: Called Strike 3-2: Fielders Choice at 2nd, 6-4 (Groundball, 6S, EV 91.2 MPH)
|
Batting: RHB Jim Unknown
|
0-0: Bunt missed! 0-1: Called Strike 0-2: Foul Ball, location: 2F 0-2: Foul Ball, location: 2F 0-2: Ball 1-2: Fielders Choice at 2nd, 6-4 (Groundball, 6, EV 88.8 MPH)
|
Batting: LHB Jim Unknown
|
0-0: Ball 1-0: Ball 2-0: Foul Ball, location: 2F 2-1: 2-RUN HOME RUN (Flyball, 9D, EV 96.2 MPH), Distance : 366 ft
|
Pitching: RHP Jim Unknown
|
|
Batting: RHB Jim Unknown
|
0-0: Ball 1-0: Swinging Strike 1-1: Foul Ball, location: 2F 1-2: Foul Ball, location: 2F 1-2: Ball 2-2: Foul Ball, location: 2F 2-2: Foul Ball, location: 2F 2-2: SINGLE (Groundball, 6S, EV 94.4 MPH)
|
Batting: LHB Jim Unknown
|
0-0: Foul Ball, location: 2F 0-1: Ball 1-1: Ball 2-1: Ground out 5-3 (Groundball, 56, EV 102.5 MPH)
|
Bottom of the 6th over - 2 runs, 2 hits, 1 error, 1 left on base; Florida State University 0 - University of Southern California 4 |
TOP OF THE 7TH |
Florida State University Seminoles batting - Pitching for University of Southern California Trojans : RHP Jim Unknown
|
Pitching: LHP Jim Unknown
|
|
Batting: RHB Jim Unknown
|
0-0: Ball 1-0: Ball 2-0: Ball 3-0: Base on Balls
|
Batting: RHB Jim Unknown
|
0-0: Bunted foul 0-1: Ball 1-1: Bunted foul 1-2: Foul Ball, location: 2F 1-2: Ball 2-2: Foul Ball, location: 2F 2-2: Foul Ball, location: 2F 2-2: Foul Ball, location: 2F 2-2: Foul Ball, location: 2F 2-2: Single, Error in OF, E8, batter to second base (Groundball, 4, EV 95.6 MPH) Jim Unknown to third
|
Batting: RHB Jim Unknown
|
0-0: SINGLE (Groundball, 6MD, EV 106.9 MPH) Jim Unknown scores Jim Unknown to third Runner from 3rd tries for Home, throw by CF and OUT! 8-2 Jim Unknown to second
|
Batting: RHB Jim Unknown
|
0-0: Ball 1-0: Ball 2-0: Ball 3-0: Called Strike 3-1: Called Strike 3-2: Foul Ball, location: 2F 3-2: Foul Ball, location: 2F 3-2: Foul Ball, location: 2F 3-2: Foul Ball, location: 2F 3-2: SINGLE (Flyball, 34D, EV 93.8 MPH) Jim Unknown to third
|
Batting: RHB Jim Unknown
|
0-0: Ball 1-0: Foul Ball, location: 2F 1-1: Foul Ball, location: 2F 1-2: Ball 2-2: Ball 3-2: DOUBLE (Line Drive, 5D, EV 95.6 MPH) Jim Unknown scores Jim Unknown to third
|
Batting: SHB Jim Unknown
|
0-0: Called Strike 0-1: Ball 1-1: Ball 2-1: Foul Ball, location: 2F 2-2: Foul Ball, location: 2F 2-2: SINGLE (Line Drive, 3D, EV 95.0 MPH) Jim Unknown scores Jim Unknown to third
|
Pitching: RHP Jim Unknown
|
|
Batting: RHB Jim Unknown
|
0-0: Called Strike 0-1: Swinging Strike 0-2: Ball 1-2: Foul Ball, location: 2F 1-2: Foul Ball, location: 2F 1-2: Strikes out swinging
|
Batting: RHB Jim Unknown
|
0-0: Ball 1-0: Ball 2-0: Swinging Strike 2-1: Ball 3-1: Called Strike 3-2: Base on Balls Jim Unknown to second
|
Batting: RHB Jim Unknown
|
0-0: Ball 1-0: Foul Ball, location: 2F 1-1: Ground out U3 (Groundball, 3L, EV 99.4 MPH)
|
Top of the 7th over - 3 runs, 5 hits, 1 error, 3 left on base; Florida State University 3 - University of Southern California 4 |
BOTTOM OF THE 7TH |
University of Southern California Trojans batting - Pitching for Florida State University Seminoles : RHP Jim Unknown
|
Batting: RHB Jim Unknown
|
0-0: Called Strike 0-1: Swinging Strike 0-2: Ground out 3-1 (Groundball, 13, EV 88.8 MPH)
|
Batting: RHB Jim Unknown
|
0-0: Called Strike 0-1: Foul Ball, location: 2F 0-2: Strikes out swinging
|
Batting: RHB Jim Unknown
|
0-0: Ball 1-0: Foul Ball, location: 2F 1-1: Ball 2-1: Foul Ball, location: 2F 2-2: Fly out, F9 (Line Drive, 9, EV 91.2 MPH)
|
Bottom of the 7th over - 0 runs, 0 hits, 0 errors, 0 left on base; Florida State University 3 - University of Southern California 4 |
TOP OF THE 8TH |
Florida State University Seminoles batting - Pitching for University of Southern California Trojans : RHP Jim Unknown
|
Batting: RHB Jim Unknown
|
0-0: Ball 1-0: Swinging Strike 1-1: Ball 2-1: Called Strike 2-2: Ball 3-2: Base on Balls
|
Batting: RHB Jim Unknown
|
0-0: Ball 1-0: Ball 2-0: Bunt missed! 2-1: Bunted foul 2-2: Fielders Choice at 2nd, 6-4 (Groundball, 6, EV 96.2 MPH)
|
Batting: RHB Jim Unknown
|
0-0: Ball 1-0: Ball 2-0: Called Strike 2-1: Swinging Strike 2-2: Fly out, F9 (Line Drive, 9, EV 90.6 MPH)
|
Batting: RHB Jim Unknown
|
0-0: Ball 1-0: Fly out, F4 (Flyball, 34D, EV 87.5 MPH)
|
Top of the 8th over - 0 runs, 0 hits, 0 errors, 1 left on base; Florida State University 3 - University of Southern California 4 |
BOTTOM OF THE 8TH |
University of Southern California Trojans batting - Pitching for Florida State University Seminoles : RHP Jim Unknown
|
Batting: SHB Jim Unknown
|
0-0: Called Strike 0-1: Swinging Strike 0-2: Ball 1-2: Strikes out swinging
|
Batting: RHB Jim Unknown
|
0-0: Ball 1-0: Ball 2-0: Foul Ball, location: 2F 2-1: Foul Ball, location: 2F 2-2: Foul Ball, location: 2F 2-2: Foul Ball, location: 2F 2-2: Ground out 1-3 (Groundball, P, EV 67.5 MPH)
|
Batting: RHB Jim Unknown
|
0-0: Swinging Strike 0-1: Swinging Strike 0-2: Foul Ball, location: 2F 0-2: Foul Ball, location: 2F 0-2: Strikes out looking
|
Bottom of the 8th over - 0 runs, 0 hits, 0 errors, 0 left on base; Florida State University 3 - University of Southern California 4 |
TOP OF THE 9TH |
Florida State University Seminoles batting - Pitching for University of Southern California Trojans : RHP Jim Unknown
|
Pitching: RHP Jim Unknown
|
|
Batting: RHB Jim Unknown
|
0-0: Called Strike 0-1: Reached on error, E9 (Flyball, 9S, EV 95.0 MPH)
|
Batting: SHB Jim Unknown
|
0-0: Bunt missed! 0-1: Bunt missed! 0-2: Foul Ball, location: 2F 0-2: Ball 1-2: Foul Ball, location: 2F 1-2: Ball 2-2: Fielders Choice at 2nd, 4-6 (Groundball, 4, EV 106.2 MPH)
|
Batting: RHB Jim Unknown
|
0-0: Ball 1-0: Fielders Choice at 2nd, 4-6 (Groundball, 4M, EV 108.1 MPH)
|
Batting: RHB Jim Unknown
|
0-0: Foul Ball, location: 2F 0-1: Foul Ball, location: 2F 0-2: Fielders Choice at 2nd, 5-4 (Groundball, 56, EV 82.5 MPH)
|
Top of the 9th over - 0 runs, 0 hits, 1 error, 1 left on base; Florida State University 3 - University of Southern California 4 |
|